 Dungeon Crawl Stone Soup version 0.26.0-10-g1f06aea511 (webtiles) character file.

Game seed: 14801538743754555306

92 gruber the Covert (level 4, 0/29 HPs)
             Began as an Octopode Brigand on Feb 1, 2021.
             Slain by a river rat (2 damage)
             ... in a sewer.
             The game lasted 00:02:08 (2086 turns).

gruber the Covert (Octopode Brigand)                Turns: 2086, Time: 00:02:09

Health: 0/29       AC:  1    Str: 10    XL:     4   Next: 60%
Magic:  13/13      EV: 12    Int: 14    God:
Gold:   121        SH:  0    Dex:  9    Spells: 3/3 levels left

rFire    . . .     SeeInvis .   a - +2 dagger
rCold    . . .     Faith    .   (no shield)
rNeg     . . .     Spirit   .   (helmet restricted)
rPois    .         Reflect  .   (no amulet)
rElec    .         Harm     .   g - -4 ring of dexterity (curse)
rCorr    .         Rampage  .   p - ring of magical power
Will     .....                  (no ring)
Stlth    ++++......             (no ring)
HPRegen  0.09/turn              (no ring)
MPRegen  0.13/turn              (no ring)
                                (no ring)
                                (no ring)

@: no status effects
A: almost no armour, stealthy swim, amphibious, 8 rings, constrict 8, camouflage
1, gelatinous body 1
a: no special abilities


You were in a sewer.
You visited 1 branch of the dungeon, and saw 3 of its levels.
You also visited: Sewer.

You collected 121 gold pieces.

Inventory:

Hand Weapons
 a - a +2 dagger (weapon)
Missiles
 b - 8 poisoned darts (quivered)
 c - 2 curare-tipped darts
Jewellery
 g - a cursed -4 ring of dexterity (left tentacle)
 p - a ring of magical power (right tentacle)
Scrolls
 d - 3 scrolls of enchant weapon {unknown}
 f - a scroll of remove curse {unknown}
 h - 4 scrolls of identify {unknown}
 i - a scroll of fear {unknown}
 j - a scroll of immolation {unknown}
 k - a scroll of enchant armour {unknown}
 l - 2 scrolls of teleportation {unknown}
 m - a scroll of random uselessness {unknown}
 n - a scroll of magic mapping {unknown}
Potions
 e - a potion of curing {unknown}
 o - a potion of heal wounds {unknown}
 q - a potion of lignification {unknown}


   Skills:
 - Level 2.0 Fighting
 - Level 2.1 Short Blades
 - Level 2.0 Throwing
 - Level 1.0 Dodging
 * Level 8.1 Stealth


You had 3 spell levels left.
You didn't know any spells.
Your spell library was empty.

Dungeon Overview and Level Annotations

Branches:
Dungeon (3/15)              Sewer (1/1)

Altars:
Dithmenos


Innate Abilities, Weirdness & Mutations

You cannot wear most types of armour.
You are very stealthy in the water. (Stealth+)
You are amphibious.
You can wear up to eight rings at the same time.
You can use your tentacles to constrict eight enemies at once.
Your skin changes colour to match your surroundings (Stealth+).
Your rubbery body absorbs attacks. (AC +1, EV +1)


Message History

You closely miss the river rat. Your grab misses the river rat.
The river rat bites you!
You barely miss the river rat. Your grab misses the river rat.
The river rat bites you!
You are too injured to fight recklessly!
You are too injured to fight recklessly!
You are too injured to fight recklessly!
You hit the river rat. Your grab misses the river rat.
You squeeze the river rat, but do no damage.
The river rat is lightly wounded.
The river rat bites you!
* * * LOW HITPOINT WARNING * * *
You hit the river rat but do no damage. You grab the river rat.
The river rat is lightly wounded.
You constrict the river rat. The river rat closely misses you.
You hit the river rat but do no damage.
The river rat is lightly wounded.
You constrict the river rat, but do no damage.
The river rat bites you.
You die...

≈≈≈≈≈≈....##
≈≈≈≈≈≈≈....#
≈≈≈≈≈≈.....#
≈≈≈≈≈......#
≈≈≈≈≈.....#
≈≈≈≈≈≈....#
≈≈≈≈≈≈.r.##
≈≈≈≈≈≈...####
≈≈≈≈≈..r###@#
≈≈≈≈≈.rr###r#
≈≈≈≈≈≈...#rr#
≈≈≈≈≈.....r##
.≈≈≈≈......#
.≈≈≈≈≈....##
≈≈≈.......##
.≈≈........##
.≈≈≈........##


You could see a river rat and 3 rats.

Vanquished Creatures
  5 adders (D:2)
  3 leopard geckos
  2 ball pythons
  2 giant cockroaches
  4 goblins
  2 hobgoblins (D:1)
  2 jackals (D:1)
  7 kobolds
  7 bats
  3 frilled lizards
  9 rats
46 creatures vanquished.

Notes
Turn   | Place    | Note
-------+----------+-------------------------------------------
     0 | D:1      | gruber the Octopode Brigand began the quest for the Orb.
     0 | D:1      | Reached XP level 1. HP: 14/14 MP: 1/1
   167 | D:1      | Reached XP level 2. HP: 19/19 MP: 2/2
   175 | D:1      | Reached skill level 6 in Stealth
   468 | D:1      | You fall into a shaft and drop 1 floor!
   860 | D:2      | Reached XP level 3. HP: 24/24 MP: 3/3
   942 | D:2      | Reached skill level 7 in Stealth
  1021 | D:2      | Reached XP level 4. HP: 23/29 MP: 4/4
  1751 | D:3      | Found a shadowy altar of Dithmenos.
  1788 | D:3      | Reached skill level 8 in Stealth
  2038 | D:3      | Found a glowing drain.
  2050 | Sewer    | Entered a sewer
  2086 | Sewer    | Slain by a river rat

Illustrated notes

Levels and vault maps discovered:
D:1:      dpeg_arrival_pits, layout_rooms, due_unseen_surprise
D:2:      layout_basic, nicolae_overflow_hidden_temple
D:3:      layout_loops_ring, okawaru_altar_gauntlet_db,
          overflow_temple_1_default, portal_sewer_entry_a,
          chequers_serial_rivers_micro_b, guppyfry_early_lair_pool
Sewer:    sewer_minmay_treatment

Skill      XL: |  1  2  3  4 |
---------------+-------------+-----
Stealth        | 6 7 8 |  8.1
Fighting       | |  2.0
Short Blades   | |  2.1
Throwing       | |  2.0
Dodging        | |  1.0

Action                   |  1- 3 |  4- 6 || total
-------------------------+-------+-------++-------
Melee: Dagger            |    62 |    42 ||   104
       Constrict         |    13 |     7 ||    20
       Tentacles         |     3 |     3 ||     6
 Stab: Sleeping          |     8 |     9 ||    17
       Distracted        |     1 |       ||     1
Armor: Skin              |     6 |     3 ||     9
Dodge: Dodged            |    35 |    18 ||    53
